[Event "2023 Fred Maris Cup (Division F)"]
[Site "Woodvale, Perth WA AUS"]
[Date "2023.06.28"]
[Round "3"]
[White "Lanham, Bruce"]
[Black "Curtis, Calan"]
[Result "0-1"]
[ECO "E01"]
[WhiteElo "1206"]
[BlackElo "1300"]
[PlyCount "62"]
[EventDate "2023.06.14"]
[EventType "swiss"]
[EventRounds "6"]
[EventCountry "AUS"]
[TimeControl "3000+30"]

1. d4 e6 2. Nf3 d5 3. g3 c5 4. Bg2 Nc6 5. O-O Nf6 6. c4 cxd4 7. cxd5 Nxd5 8.
Nxd4 Bd7 9. Nxc6 Bxc6 10. e4 Nf6 11. e5 Nd5 12. Re1 Bc5 13. Nd2 Bxf2+ 14. Kxf2
Qb6+ 15. Kf1 Bb5+ 16. Re2 Ne3+ 17. Ke1 Nxd1 18. Kxd1 Bxe2+ 19. Kxe2 O-O 20. Nf3
Rac8 21. b3 Qb5+ 22. Kf2 Rc2+ 23. Bd2 Rd8 24. Bf1 Qb4 25. Rd1 Rdxd2+ 26. Nxd2
Rxd2+ 27. Rxd2 Qxd2+ 28. Be2 Qxa2 29. b4 b6 30. h4 a5 31. bxa5 bxa5 0-1

[Event "2023 Fred Maris Cup (Division F)"]
[Site "Woodvale, Perth WA AUS"]
[Date "2023.06.28"]
[Round "3"]
[White "Owen, Geoffrey"]
[Black "Young, Manfred"]
[Result "1-0"]
[ECO "C01"]
[WhiteElo "1030"]
[BlackElo "1090"]
[PlyCount "59"]
[EventDate "2023.06.14"]
[EventType "swiss"]
[EventRounds "6"]
[EventCountry "AUS"]
[TimeControl "3000+30"]

1. e4 e6 2. d4 c6 3. Nf3 h6 4. Bd3 d5 5. e5 c5 6. Be3 Qa5+ 7. Bd2 Qb6 8. b3
cxd4 9. O-O Nc6 10. c3 dxc3 11. Nxc3 Qc7 12. Re1 a6 13. a3 Bc5 14. b4 Ba7 15.
Be3 Nxe5 16. Nxe5 Qxe5 17. Bxa7 Qxc3 18. Rc1 Qxa3 19. Bc5 b6 20. Bd6 Bd7 21. f4
Ne7 22. f5 Nc8 23. Be5 Qxb4 24. fxe6 Bxe6 25. Bf5 O-O 26. g4 Bxf5 27. gxf5 Ne7
28. f6 Nf5 29. Qf3 Nd4 30. Qg4 1-0

[Event "2023 Fred Maris Cup (Division F)"]
[Site "Woodvale, Perth WA AUS"]
[Date "2023.06.28"]
[Round "3"]
[White "Ross, Leo"]
[Black "Rennie, Mike"]
[Result "1-0"]
[ECO "C30"]
[WhiteElo "1335"]
[BlackElo "891"]
[PlyCount "135"]
[EventDate "2023.06.14"]
[EventType "swiss"]
[EventRounds "6"]
[EventCountry "AUS"]
[TimeControl "3000+30"]

1. e4 e5 2. f4 d6 3. Nf3 Nc6 4. Bc4 Be6 5. Bxe6 fxe6 6. O-O exf4 7. d4 Be7 8.
Bxf4 Nf6 9. Nc3 Qd7 10. a3 Na5 11. Qd3 a6 12. e5 Nd5 13. Nxd5 exd5 14. exd6
cxd6 15. Rae1 Nc6 16. Bg5 O-O 17. c3 Rae8 18. Qc2 b5 19. Qb3 Rf5 20. Bh4 Na5
21. Qc2 Nc4 22. b3 Nxa3 23. Qb2 b4 24. cxb4 Nb5 25. Bxe7 Rxe7 26. Qa2 Nc7 27.
Rxe7 Qxe7 28. Re1 Qf6 29. Qa5 Qf7 30. Qb6 Ne6 31. Qb8+ Nf8 32. Qxd6 Qf6 33. Qc5
h6 34. b5 Nd7 35. Qc8+ Nf8 36. bxa6 Rxf3 37. gxf3 Qxd4+ 38. Kf1 Qd3+ 39. Kf2
Qd2+ 40. Re2 Qd4+ 41. Kg2 Qd3 42. Qc2 Qxa6 43. b4 Qb5 44. Qb2 Qb6 45. b5 d4 46.
Qb3+ Kh7 47. Rc2 Qg6+ 48. Kf2 d3 49. Rd2 Qb6+ 50. Kf1 Qe3 51. Qxd3+ Qxd3+ 52.
Rxd3 Ne6 53. b6 Nc5 54. Rd5 Nb7 55. Rd7 Na5 56. Ra7 Nc6 57. Ra6 Nb8 58. Ra7 h5
59. Ra8 Nc6 60. b7 g5 61. Rc8 Na7 62. b8=Q Nxc8 63. Qxc8 h4 64. Qd7+ Kh6 65.
Qe6+ Kh5 66. Qg4+ Kg6 67. f4 Kf6 68. Qxg5+ 1-0

[Event "2023 Fred Maris Cup (Division F)"]
[Site "Woodvale, Perth WA AUS"]
[Date "2023.06.28"]
[Round "3"]
[White "Bordas, Lindsay"]
[Black "Jahn, Harold"]
[Result "1-0"]
[ECO "C40"]
[WhiteElo "1122"]
[BlackElo "1081"]
[PlyCount "25"]
[EventDate "2023.06.14"]
[EventType "swiss"]
[EventRounds "6"]
[EventCountry "AUS"]
[TimeControl "3000+30"]

1. e4 e5 2. Nf3 f6 3. Bc4 Bc5 4. d4 Bb6 5. dxe5 Qe7 6. exf6 Nxf6 7. e5 Ne4 8.
Be3 d6 9. Qd5 Bf5 10. Qxb7 Qd8 11. Qxa8 dxe5 12. Qd5 Nd7 13. Qf7# 1-0

[Event "2023 Fred Maris Cup (Division F)"]
[Site "Woodvale, Perth WA AUS"]
[Date "2023.06.28"]
[Round "3"]
[White "Overste, Brian"]
[Black "Frankland, David"]
[Result "0-1"]
[ECO "B50"]
[WhiteElo "972"]
[BlackElo "1098"]
[PlyCount "134"]
[EventDate "2023.06.14"]
[EventType "swiss"]
[EventRounds "6"]
[EventCountry "AUS"]
[TimeControl "3000+30"]

1. e4 e5 2. Nf3 d6 3. c4 c5 4. Nc3 Nf6 5. d3 h6 6. Be2 Bd7 7. Qb3 b6 8. h3 Nc6
9. a3 Na5 10. Qc2 Be7 11. b4 Nb7 12. b5 Na5 13. O-O O-O 14. a4 Be6 15. Qd1 Nh7
16. Nh2 Bg5 17. Bg4 Bxc1 18. Bxe6 fxe6 19. Qg4 Bb2 20. Rab1 Bxc3 21. Qxe6+ Kh8
22. Rfc1 Bd4 23. Rc2 Ng5 24. Qg4 Qc8 25. Qh5 Qe8 26. Qg4 Rf4 27. Qd1 h5 28. h4
Ne6 29. g3 Qg6 30. Kf1 Rf7 31. Nf3 Raf8 32. Kg2 Nf4+ 33. Kh2 Qg4 34. Ng5 Qxd1
35. Nxf7+ Rxf7 36. Rxd1 Ne6 37. Kg2 g5 38. hxg5 Nxg5 39. Rh1 Rh7 40. Rh4 Kg7
41. Rc1 Kg6 42. Rch1 Nb3 43. f4 exf4 44. gxf4 Nf7 45. R1h3 Kg7 46. Rg3+ Kh8 47.
Rg6 Nc1 48. Rh3 Ne2 49. Rh4 Nc3 50. Re6 Rg7+ 51. Kf3 Rh7 52. Re8+ Kg7 53. Re7
Bf6 54. Rxf7+ Kxf7 55. Rh3 Nxa4 56. Rh2 h4 57. Ra2 Nb2 58. Rxa7+ Kg6 59. Ra6
Bd8 60. Ra8 Bf6 61. Ra2 Nxd3 62. Rg2+ Kf7 63. Rg1 Rg7 64. Ke2 Rxg1 65. Kxd3 h3
66. e5 dxe5 67. fxe5 Bxe5 0-1

[Event "2023 Fred Maris Cup (Division F)"]
[Site "Woodvale, Perth WA AUS"]
[Date "2023.06.28"]
[Round "3"]
[White "May, Wendy"]
[Black "Markou, Victor"]
[Result "0-1"]
[ECO "C41"]
[WhiteElo "914"]
[BlackElo "1039"]
[PlyCount "61"]
[EventDate "2023.06.14"]
[EventType "swiss"]
[EventRounds "6"]
[EventCountry "AUS"]
[TimeControl "3000+30"]

1. e4 e5 2. Nf3 d6 3. d4 Nd7 4. d5 Ngf6 5. Nc3 g6 6. Ng5 Bg7 7. Be2 O-O 8. Be3
Re8 9. Qd2 c6 10. dxc6 Nc5 11. Bb5 Re7 12. b4 Ne6 13. O-O a6 14. cxb7 Bxb7 15.
Bc4 Rc8 16. Bxe6 fxe6 17. f4 exf4 18. Bxf4 e5 19. Be3 h6 20. Nd5 Nxd5 21. Nh3
Nf6 22. Bxh6 Ng4 23. Bg5 Qb6+ 24. Nf2 Rf7 25. Bh4 Nxf2 26. Bxf2 Qc6 27. Rae1
Rd7 28. Qg5 Rf7 29. Qxg6 Qe8 30. Bh4 Rc6 31. Bf6 {Scoresheet not clear} 0-1

[Event "2023 Fred Maris Cup (Division A)"]
[Site "Woodvale, Perth WA AUS"]
[Date "2023.07.05"]
[Round "4"]
[White "Plaganyi, Gyula"]
[Black "Gibson, Jacob"]
[Result "0-1"]
[ECO "D02"]
[WhiteElo "1972"]
[WhiteTitle "CM"]
[BlackElo "1987"]
[PlyCount "62"]
[EventDate "2023.06.14"]
[EventType "tourn"]
[EventRounds "5"]
[EventCountry "AUS"]
[TimeControl "3000+30"]

1. d4 d5 2. Bf4 c5 3. Nc3 Nf6 4. Nf3 Nc6 5. e3 a6 6. Be2 Bf5 7. O-O h6 8. Qd2
e6 9. a3 Nh5 10. Be5 Nf6 11. Rfd1 Nxe5 12. Nxe5 Bd6 13. f4 O-O 14. g4 Ne4 15.
Nxe4 Bxe4 16. Nf3 Qf6 17. c3 Rac8 18. Rac1 Rc7 19. Rf1 Rfc8 20. Ne5 Bxe5 21.
dxe5 Qg6 22. Qe1 d4 23. cxd4 cxd4 24. Rxc7 Rxc7 25. exd4 Rc2 26. h4 Bd3 27. f5
exf5 28. Rf2 Bxe2 29. Rxe2 Qxg4+ 30. Kf1 Qf3+ 31. Rf2 Qh1# 0-1

[Event "2023 Fred Maris Cup (Division A)"]
[Site "Woodvale, Perth WA AUS"]
[Date "2023.07.05"]
[Round "4"]
[White "Saxon, Marc"]
[Black "Lakner, Jay"]
[Result "0-1"]
[ECO "B01"]
[WhiteElo "2053"]
[BlackElo "2144"]
[PlyCount "110"]
[EventDate "2023.06.14"]
[EventType "tourn"]
[EventRounds "5"]
[EventCountry "AUS"]
[TimeControl "3000+30"]

1. e4 d5 2. exd5 Qxd5 3. Nc3 Qd8 4. Bc4 c5 5. Nf3 Nc6 6. d3 e6 7. g4 a6 8. Qe2
Nd4 9. Nxd4 cxd4 10. Ne4 b5 11. Bb3 Bb7 12. Rg1 Qc7 13. Ng5 Bb4+ 14. Kd1 Qxh2
15. Rf1 Qg2 16. Bxe6 Kf8 17. Bf5 Re8 18. Be4 Bxe4 19. Nxe4 g6 20. f3 Qxe2+ 21.
Kxe2 f5 22. Bd2 Bxd2 23. Kxd2 fxe4 24. fxe4+ Kg7 25. a4 b4 26. a5 Nf6 27. g5
Nd7 28. c3 bxc3+ 29. bxc3 dxc3+ 30. Kxc3 Re5 31. Kd4 Rxg5 32. Rac1 Rxa5 33. Rc7
Rd8 34. e5 Rxe5 35. Rxd7+ Rxd7+ 36. Kxe5 Rxd3 37. Ra1 Rf3 38. Rxa6 h5 39. Ke4
Rf6 40. Ra5 Kh6 41. Ra8 Kg5 42. Rg8 h4 43. Ke5 Rf5+ 44. Ke4 h3 45. Ke3 Rf7 46.
Rh8 Kg4 47. Rh6 g5 48. Rh8 Kg3 49. Ra8 Re7+ 50. Kd3 g4 51. Ra1 h2 52. Rc1 Kg2
53. Rc2+ Kh3 54. Rc1 g3 55. Rc8 h1=Q 0-1

[Event "2023 Fred Maris Cup (Division A)"]
[Site "Woodvale, Perth WA AUS"]
[Date "2023.07.05"]
[Round "4"]
[White "Maris, Rob"]
[Black "Maggs, Derwent"]
[Result "0-1"]
[ECO "E66"]
[WhiteElo "2044"]
[BlackElo "2251"]
[PlyCount "58"]
[EventDate "2023.06.14"]
[EventType "tourn"]
[EventRounds "5"]
[EventCountry "AUS"]
[TimeControl "3000+30"]

1. c4 Nf6 2. Nc3 g6 3. g3 Bg7 4. Bg2 O-O 5. Nf3 d6 6. O-O c5 7. d4 Nc6 8. d5
Na5 9. Nd2 e6 10. Rb1 exd5 11. cxd5 Re8 12. b3 b5 13. Nde4 Bf5 14. Bg5 Nxe4 15.
Bxd8 Nxc3 16. Bxa5 Nxd1 17. Rbxd1 Rxe2 18. Rd2 Rae8 19. Bf3 R2e7 20. g4 Be4 21.
Be2 b4 22. Bb5 Rb8 23. Bc4 Bf3 24. h3 Bc3 25. Rc2 h5 26. g5 Re5 27. h4 Re4 28.
Kh2 Be5+ 29. Kh3 Rg4 0-1

[Event "2023 Fred Maris Cup (Division B)"]
[Site "Woodvale, Perth WA AUS"]
[Date "2023.07.05"]
[Round "4"]
[White "Clarke, Daniel"]
[Black "Wolstencroft, Alan"]
[Result "1-0"]
[ECO "B85"]
[WhiteElo "1902"]
[BlackElo "1834"]
[PlyCount "135"]
[EventDate "2023.06.14"]
[EventType "tourn"]
[EventRounds "5"]
[EventCountry "AUS"]
[TimeControl "3000+30"]

1. e4 c5 2. Nf3 d6 3. d4 cxd4 4. Nxd4 Nf6 5. Nc3 a6 6. Be2 e6 7. f4 Be7 8. O-O
O-O 9. a4 b6 10. Be3 Qc7 11. Qe1 Bb7 12. Bf3 Nc6 13. Qg3 Rfe8 14. e5 Nxd4 15.
Bxd4 dxe5 16. Bxe5 Qc5+ 17. Kh1 Bxf3 18. Rxf3 Kh8 19. a5 b5 20. Qg5 Rg8 21.
Bxf6 gxf6 22. Qxc5 Bxc5 23. Ne4 Be7 24. Rd1 Rad8 25. Rfd3 h6 {(=)} 26. c3 Rxd3
27. Rxd3 Kg7 28. Rd7 Rd8 29. Rxd8 Bxd8 30. b4 Be7 31. g4 f5 32. gxf5 exf5 33.
Ng3 Kg6 34. Kg2 Kf6 35. Kf3 Ke6 36. Ke3 Bf6 37. Kd3 Be7 38. Ne2 Bd6 39. Nd4+
Kf6 40. Ke3 h5 41. h4 Kg6 42. Kf3 Kf6 43. Ke3 Kg6 44. Nc6 Kf6 45. Ne5 Ke6 46.
Nd3 Kd5 47. Nb2 f6 48. Kf3 Be7 49. Ke3 Bd6 50. Kf3 Be7 51. Nd1 Bf8 52. Ne3+ Ke6
53. Nc2 Kd5 54. Ke3 Kc4 55. Kd2 Bd6 56. Ne3+ Kb3 57. Nd5 Kb2 58. Kd3 Kb3 59.
Kd4 Kb2 60. c4 bxc4 61. Kxc4 Ka3 62. b5 Ka4 63. bxa6 Bb8 64. Ne7 Ba7 65. Nc6
Be3 66. Nd4 Kxa5 67. a7 Bxd4 68. Kxd4 1-0

[Event "2023 Fred Maris Cup (Division B)"]
[Site "Woodvale, Perth WA AUS"]
[Date "2023.07.05"]
[Round "4"]
[White "Curthoys, Edward"]
[Black "Doshi, Chirag"]
[Result "1-0"]
[ECO "C25"]
[WhiteElo "1848"]
[BlackElo "1870"]
[PlyCount "87"]
[EventDate "2023.06.14"]
[EventType "tourn"]
[EventRounds "5"]
[EventCountry "AUS"]
[TimeControl "3000+30"]

1. e4 e5 2. Nc3 Nc6 3. Bb5 Bc5 4. Nge2 Nf6 5. O-O O-O 6. d3 h6 7. a3 d6 8. Na4
Bb6 9. Nxb6 axb6 10. f4 Bg4 11. Bxc6 bxc6 12. fxe5 dxe5 13. h3 Bxe2 14. Qxe2
Qd4+ 15. Kh1 Qd6 16. Qf3 Nh7 17. Bd2 Qg6 18. Rf2 Rae8 19. Raf1 Re6 20. Qe2 Nf6
21. Rf5 Ne8 22. Bc3 f6 23. a4 Nd6 24. R5f3 Ra8 25. b3 Nb7 26. Ra1 b5 27. Qe3
Kh8 28. axb5 Rxa1+ 29. Bxa1 cxb5 30. Qa7 Rb6 31. Qb8+ Kh7 32. Qxc7 Ra6 33. Bxe5
fxe5 34. Qxb7 Rc6 35. Rg3 Qf6 36. Rxg7+ Qxg7 37. Qxc6 Qg3 38. Qxb5 Qg7 39. Qd5
h5 40. Qe6 h4 41. Qf5+ Kh8 42. Qh5+ Kg8 43. Qg4 Kf7 44. Qxg7+ 1-0

[Event "2023 Fred Maris Cup (Division B)"]
[Site "Woodvale, Perth WA AUS"]
[Date "2023.07.05"]
[Round "4"]
[White "Gough, Dylan"]
[Black "De Yaak, Peter"]
[Result "1/2-1/2"]
[ECO "D13"]
[WhiteElo "1762"]
[BlackElo "1897"]
[PlyCount "66"]
[EventDate "2023.06.14"]
[EventType "tourn"]
[EventRounds "5"]
[EventCountry "AUS"]
[TimeControl "3000+30"]

1. d4 d5 2. c4 c6 3. cxd5 cxd5 4. Bf4 Nf6 5. Nf3 Nc6 6. Nc3 e6 7. a3 Bd6 8.
Bxd6 Qxd6 9. e3 a6 10. Bd3 e5 11. dxe5 Nxe5 12. Nxe5 Qxe5 13. h3 O-O 14. O-O
Bd7 15. Qf3 Bc6 16. Qf5 Qe7 17. Ne2 g6 18. Qf4 Rfe8 19. Nd4 Ne4 20. Bxe4 Qxe4
21. Qxe4 dxe4 22. Nxc6 bxc6 23. Rac1 Re6 24. Rc4 a5 25. Rfc1 Ra6 26. Rd4 Rb6
27. Rc2 Kg7 28. Kf1 h5 29. Rdd2 Re5 30. Rd4 f5 31. Rdc4 Reb5 32. Rxc6 Rxb2 33.
Rxb6 Rxc2 1/2-1/2

[Event "2023 Fred Maris Cup (Division C)"]
[Site "Woodvale, Perth WA AUS"]
[Date "2023.07.05"]
[Round "4"]
[White "Oswald, Franz"]
[Black "Bhatia, Abhay"]
[Result "0-1"]
[ECO "D35"]
[WhiteElo "1641"]
[BlackElo "1678"]
[PlyCount "58"]
[EventDate "2023.06.14"]
[EventType "tourn"]
[EventRounds "5"]
[EventCountry "AUS"]
[TimeControl "3000+30"]

1. d4 d5 2. c4 e6 3. Nc3 Nf6 4. Bg5 Bb4 5. e3 O-O 6. cxd5 exd5 7. Bd3 h6 8. Bh4
Be7 9. Nf3 Bg4 10. Qc2 Nbd7 11. h3 Be6 12. g4 Ne4 13. Bxe7 Qxe7 14. Nxe4 dxe4
15. Bxe4 Nf6 16. Ne5 c6 17. Bg2 Bd5 18. Bxd5 Nxd5 19. O-O-O Rac8 20. Kb1 c5 21.
Qb3 Nb4 22. Rd2 c4 23. Qd1 f6 24. f4 fxe5 25. dxe5 c3 26. bxc3 Rxc3 27. Rd7 Qc5
28. Qd4 Rb3+ 29. axb3 Qc2+ 0-1

[Event "2023 Fred Maris Cup (Division C)"]
[Site "Woodvale, Perth WA AUS"]
[Date "2023.07.05"]
[Round "4"]
[White "Kerr, Lennon"]
[Black "Browning, Thomas"]
[Result "1-0"]
[ECO "B33"]
[WhiteElo "1576"]
[BlackElo "1620"]
[PlyCount "41"]
[EventDate "2023.06.14"]
[EventType "tourn"]
[EventRounds "5"]
[EventCountry "AUS"]
[TimeControl "3000+30"]

1. e4 c5 2. Nf3 Nc6 3. d4 cxd4 4. Nxd4 e5 5. Nf3 Nf6 6. Nc3 Bb4 7. Bd3 Bxc3+ 8.
bxc3 O-O 9. Bg5 d6 10. O-O Bg4 11. Rb1 b6 12. Bb5 Rc8 13. Qd3 h6 14. Bh4 g5 15.
Nxg5 hxg5 16. Bxg5 Kg7 17. Qg3 Rg8 18. Qh4 Rh8 19. Bxf6+ Qxf6 20. Qxg4+ Kf8 21.
Qxc8+ 1-0

[Event "2023 Fred Maris Cup (Division C)"]
[Site "Woodvale, Perth WA AUS"]
[Date "2023.07.05"]
[Round "4"]
[White "Garang, Kuol Awan"]
[Black "Michael, Ashley"]
[Result "0-1"]
[ECO "B03"]
[WhiteElo "1632"]
[BlackElo "1588"]
[PlyCount "134"]
[EventDate "2023.06.14"]
[EventType "tourn"]
[EventRounds "5"]
[EventCountry "AUS"]
[TimeControl "3000+30"]

1. e4 Nf6 2. e5 Nd5 3. c4 Nb6 4. Nc3 d6 5. Nf3 Nc6 6. exd6 exd6 7. d4 Bg4 8.
Be3 Qe7 9. c5 Bxf3 10. gxf3 dxc5 11. dxc5 Nd7 12. Nd5 Qd8 13. Bh3 Nxc5 14. Rc1
Ne6 15. Qb3 Na5 16. Qd3 c6 17. Bxe6 fxe6 18. Nf4 Qxd3 19. Nxd3 b5 20. b4 Nc4
21. Bd4 O-O-O 22. Ne5 Rxd4 23. Nxc6 Rd7 24. a3 Kb7 25. Na5+ Nxa5 26. bxa5 Bxa3
27. Rb1 a6 28. O-O Rd3 29. Kg2 Rf8 30. Rbe1 Rf6 31. Re3 Rxe3 32. fxe3 Bb4 33.
Rd1 Kc6 34. Rc1+ Kd5 35. Rc7 Rg6+ 36. Kf2 Bxa5 37. Rd7+ Kc6 38. Ra7 Kb6 39. Ra8
Bc3 40. Rh8 Rh6 41. Kg2 Ka5 42. f4 b4 43. Rc8 Ka4 44. Rc4 Kb3 45. Rc5 Kc2 46.
Ra5 e5 47. fxe5 b3 48. Ra3 b2 49. Ra2 Kb3 50. Rxb2+ Kxb2 51. h3 a5 52. Kf3 Bxe5
53. Ke4 a4 54. Kxe5 a3 55. Kd5 a2 56. e4 a1=Q 57. e5 Qd1+ 58. Ke4 Rh4+ 59. Kf5
Qd7+ 60. Kg5 Qe7+ 61. Kf5 Rh5+ 62. Kg4 Qg5+ 63. Kf3 Qf5+ 64. Kg2 Qxh3+ 65. Kf2
Rg5 66. Ke1 Rg2 67. Kf1 Qh1# 0-1

[Event "2023 Fred Maris Cup (Division D)"]
[Site "Woodvale, Perth WA AUS"]
[Date "2023.07.05"]
[Round "4"]
[White "Kerr, Carter"]
[Black "Howard, Mark"]
[Result "1-0"]
[ECO "C50"]
[WhiteElo "1485"]
[BlackElo "1452"]
[PlyCount "77"]
[EventDate "2023.06.14"]
[EventType "tourn"]
[EventRounds "5"]
[EventCountry "AUS"]
[TimeControl "3000+30"]

1. e4 e5 2. Nf3 Nc6 3. Bc4 h6 4. d4 d6 5. dxe5 Na5 6. Bd3 Bg4 7. Bd2 Nc6 8.
exd6 Bxd6 9. Nc3 Nd4 10. Be3 Nxf3+ 11. gxf3 Bh5 12. Qe2 Bb4 13. O-O-O c6 14.
Rhg1 Qf6 15. Rg3 Bxc3 16. bxc3 Qxc3 17. Rdg1 g5 18. h4 f6 19. hxg5 fxg5 20. Rh1
Qa1+ 21. Kd2 Qxh1 22. Bd4 Rh7 23. e5 Rd7 24. Qe4 Qb1 25. e6 Qb4+ 26. Bc3 Rxd3+
27. Qxd3 Qf4+ 28. Ke2 {At this point, Black illegally castled. The position
after 28...O-O-O will instead be reached using a series of moves.} Rd8 29. Qe3
Rd6 30. Qe4 Kd8 31. Qe3 Kc8 32. Qd3 Rd8 {The position after 28...O-O-O has
been reached.} 33. Qh7 Qc4+ 34. Ke1 Qxe6+ 35. Kf1 Qc4+ 36. Kg2 Qxc3 37. Qf5+
Kb8 38. f4 Qc4 39. Qe5+ Ka8 40. Qc7 Qd5+ 41. Kh2 Qd7 42. Qa5 gxf4 43. Rd3 1-0

[Event "2023 Fred Maris Cup (Division D)"]
[Site "Woodvale, Perth WA AUS"]
[Date "2023.07.05"]
[Round "4"]
[White "Wu, Kobe"]
[Black "Leech, Martin"]
[Result "1-0"]
[ECO "C07"]
[WhiteElo "1523"]
[BlackElo "1522"]
[PlyCount "105"]
[EventDate "2023.06.14"]
[EventType "tourn"]
[EventRounds "5"]
[EventCountry "AUS"]
[TimeControl "3000+30"]

1. e4 e6 2. d4 d5 3. Nc3 Nf6 4. e5 Nfd7 5. Nf3 c5 6. Ne2 cxd4 7. Nexd4 Nc6 8.
c3 Ncxe5 9. Nxe5 Nxe5 10. Bf4 Nd7 11. Bg3 Bc5 12. Be2 O-O 13. O-O Re8 14. Re1
e5 15. Nb3 Bb6 16. Qxd5 Qf6 17. Qf3 Bc7 18. Qxf6 Nxf6 19. Bb5 Re7 20. Rad1 a6
21. Bxe5 Rxe5 22. Rxe5 axb5 23. Rxb5 b6 24. Rb4 Be6 25. Nd4 Bd5 26. Nb5 Be5 27.
f4 Bb8 28. c4 Bc6 29. Rd8+ Ne8 30. Nd4 Bd6 31. Rxa8 Bxa8 32. Ra4 Be4 33. Kf1
Bxf4 34. Ne2 Bd3 35. Kf2 Bxh2 36. Nc1 Bc2 37. Ra8 Kf8 38. g3 Be4 39. Rb8 h5 40.
Rxb6 h4 41. gxh4 Be5 42. Ke3 Bf5 43. Rb5 f6 44. Nd3 Nd6 45. Rb8+ Ke7 46. Nxe5
fxe5 47. b3 Bb1 48. a4 Nf5+ 49. Kd2 e4 50. Rb5 e3+ 51. Ke1 Bd3 52. Rd5 Be4 53.
Re5+ 1-0

[Event "2023 Fred Maris Cup (Division D)"]
[Site "Woodvale, Perth WA AUS"]
[Date "2023.07.05"]
[Round "4"]
[White "Massam, Justin"]
[Black "Boswarva, Ernest"]
[Result "1-0"]
[ECO "D52"]
[WhiteElo "1479"]
[BlackElo "1516"]
[PlyCount "71"]
[EventDate "2023.06.14"]
[EventType "tourn"]
[EventRounds "5"]
[EventCountry "AUS"]
[TimeControl "3000+30"]

1. d4 d5 2. c4 c6 3. Nf3 Nf6 4. Nc3 e6 5. Bg5 Nbd7 6. e3 Qa5 7. a3 Ne4 8. Qc1
dxc4 9. Bxc4 Nxg5 10. Nxg5 Qxg5 11. O-O Nf6 12. Qd1 Bd6 13. Qf3 e5 14. Ne4 Nxe4
15. Qxe4 Bf5 16. Qf3 e4 17. Qe2 Bg4 18. Qc2 Bf3 19. g3 Qg4 20. Rfc1 Qh3 21. Bf1
Qf5 22. Qb3 Qd7 23. Rc3 O-O 24. Rac1 Rae8 25. Qa4 a6 26. d5 Rc8 27. dxc6 Rxc6
28. Rxc6 bxc6 29. Qxa6 Rc8 30. b4 Qe8 31. b5 Ra8 32. Qxc6 Qxc6 33. Rxc6 Bxa3
34. b6 Rb8 35. Ba6 Bg4 36. b7 {Time expired} 1-0

[Event "2023 Fred Maris Cup (Division E)"]
[Site "Woodvale, Perth WA AUS"]
[Date "2023.07.05"]
[Round "4"]
[White "Hounsome, David"]
[Black "Porteus, Grant"]
[Result "1-0"]
[ECO "A01"]
[WhiteElo "1370"]
[BlackElo "1381"]
[PlyCount "102"]
[EventDate "2023.06.14"]
[EventType "tourn"]
[EventRounds "5"]
[EventCountry "AUS"]
[TimeControl "3000+30"]

1. b3 Nc6 2. Bb2 e5 3. e3 Bc5 4. d4 Bd6 5. Bb5 a6 6. Bxc6 dxc6 7. dxe5 Bb4+ 8.
Nc3 Qg5 9. g3 Qxe5 10. Qd4 Qxd4 11. exd4 Bg4 12. f3 Bf5 13. O-O-O Ne7 14. Nge2
Nd5 15. Ne4 O-O-O 16. c4 Ne7 17. g4 Bg6 18. Nf4 f5 19. Nxg6 hxg6 20. Ng5 Rde8
21. a3 Bd6 22. h4 Ng8 23. Nf7 Rh7 24. Ng5 Bf4+ 25. Kb1 Bxg5 26. hxg5 Rxh1 27.
Rxh1 Ne7 28. Rh7 Rg8 29. Kc2 b5 30. Kd3 Kd7 31. Ke3 bxc4 32. bxc4 fxg4 33. fxg4
Kd6 34. Ke4 c5 35. d5 Rb8 36. Be5+ Kd7 37. Rxg7 Re8 38. Bf6 Kd6 39. Rxe7 Rxe7+
40. Bxe7+ Kxe7 41. Ke5 Kd7 42. Kf6 c6 43. dxc6+ Kxc6 44. Kxg6 Kb6 45. Kf7 Ka5
46. g6 Ka4 47. g7 Kb3 48. g8=Q Kxc4 49. Qa8 Kb5 50. a4+ Kxa4 51. Qxa6+ Kb4 1-0

[Event "2023 Fred Maris Cup (Division E)"]
[Site "Woodvale, Perth WA AUS"]
[Date "2023.07.05"]
[Round "4"]
[White "Walker, Colin"]
[Black "Brooke, John"]
[Result "0-1"]
[ECO "A36"]
[WhiteElo "1437"]
[BlackElo "1435"]
[PlyCount "64"]
[EventDate "2023.06.14"]
[EventType "tourn"]
[EventRounds "5"]
[EventCountry "AUS"]
[TimeControl "3000+30"]

1. c4 c5 2. Nc3 Nc6 3. g3 Nf6 4. Bg2 e5 5. e3 d6 6. d3 Qd7 7. Nge2 Be7 8. O-O
Rb8 9. f4 Ng4 10. Nd5 b5 11. cxb5 Rxb5 12. Nec3 Rb8 13. Bf3 Nxh2 14. Rf2 Nxf3+
15. Qxf3 Bb7 16. e4 Nd4 17. Qh5 g6 18. Qh2 Bd8 19. fxe5 dxe5 20. b3 Qg4 21. Qg2
h5 22. Ne3 Qe6 23. Ncd5 Qa6 24. Qf1 Rf8 25. b4 Bxd5 26. Nxd5 cxb4 27. Bh6 Rg8
28. Rxf7 Qe6 29. Bf8 Qxf7 30. Qxf7+ Kxf7 31. Bd6 Rb7 32. Bxe5 Nf3+ 0-1

[Event "2023 Fred Maris Cup (Division F)"]
[Site "Woodvale, Perth WA AUS"]
[Date "2023.07.05"]
[Round "4"]
[White "Curtis, Calan"]
[Black "Owen, Geoffrey"]
[Result "1-0"]
[ECO "A40"]
[WhiteElo "1300"]
[BlackElo "1030"]
[PlyCount "97"]
[EventDate "2023.06.14"]
[EventType "swiss"]
[EventRounds "6"]
[EventCountry "AUS"]
[TimeControl "3000+30"]

1. d4 c6 2. Nc3 d6 3. Bf4 h6 4. e3 g5 5. Bg3 Bg7 6. Bd3 h5 7. h3 Nd7 8. Nf3 h4
9. Bh2 Bh6 10. Ne4 Nf8 11. Nexg5 Qa5+ 12. Qd2 Qb6 13. O-O-O Ne6 14. Ne4 d5 15.
Nc5 Nxc5 16. dxc5 Qxc5 17. Be5 f6 18. Bd4 Qd6 19. Bg6+ Kd7 20. Qd3 e5 21. Qf5+
Kc7 22. Bxe5 Bxf5 23. Bxd6+ Kxd6 24. Bxf5 Ne7 25. Nxh4 Bg5 26. Ng6 Nxg6 27.
Bxg6 Rhg8 28. Bd3 Rae8 29. Kb1 b5 30. b4 Ra8 31. h4 Bh6 32. g3 Rg4 33. a3 a5
34. Bf5 Rc4 35. Bd3 Rg4 36. Be2 Re4 37. Rd4 Re5 38. Rg4 axb4 39. Rg6 bxa3 40.
Rxh6 Ra4 41. Rxf6+ Kc5 42. Ka2 d4 43. exd4+ Kxd4 44. Rd1+ Kc5 45. Bf3 Ra6 46.
h5 Re8 47. Rdd6 Rc8 48. Rxc6+ Raxc6 49. Rxc6+ 1-0

[Event "2023 Fred Maris Cup (Division F)"]
[Site "Woodvale, Perth WA AUS"]
[Date "2023.07.05"]
[Round "4"]
[White "Frankland, David"]
[Black "Ross, Leo"]
[Result "1-0"]
[ECO "B10"]
[WhiteElo "1098"]
[BlackElo "1335"]
[PlyCount "47"]
[EventDate "2023.06.14"]
[EventType "swiss"]
[EventRounds "6"]
[EventCountry "AUS"]
[TimeControl "3000+30"]

1. e4 c6 2. h3 d5 3. e5 c5 4. Bb5+ Bd7 5. Bxd7+ Qxd7 6. d3 Nc6 7. f4 e6 8. c3
Be7 9. b3 Bh4+ 10. Kd2 Bd8 11. Ba3 b6 12. Qg4 g6 13. Nf3 Nge7 14. h4 Nf5 15.
Kc1 d4 16. c4 Ne3 17. Qh3 Nb4 18. Bxb4 cxb4 19. Nbd2 Rc8 20. Ne4 a5 21. Nd6+
Kf8 22. Nxc8 Qxc8 23. Nxd4 Qd7 24. Qxe3 1-0

[Event "2023 Fred Maris Cup (Division F)"]
[Site "Woodvale, Perth WA AUS"]
[Date "2023.07.05"]
[Round "4"]
[White "Young, Manfred"]
[Black "Lanham, Bruce"]
[Result "0-1"]
[ECO "D35"]
[WhiteElo "1090"]
[BlackElo "1206"]
[PlyCount "57"]
[EventDate "2023.06.14"]
[EventType "swiss"]
[EventRounds "6"]
[EventCountry "AUS"]
[TimeControl "3000+30"]

1. c4 e6 2. d4 d5 3. cxd5 exd5 4. Nc3 Nf6 5. Bg5 c6 6. e3 Nbd7 7. Bd3 h6 8. Bh4
Be7 9. Nf3 O-O 10. O-O Ng4 11. Bxe7 Qxe7 12. h3 Ngf6 13. Re1 Re8 14. Nh4 Qf8
15. e4 dxe4 16. Nxe4 Nxe4 17. Bxe4 Nf6 18. Bc2 Be6 19. Qd3 Qd6 20. Re3 Rad8 21.
Rae1 Qxd4 22. Qxd4 Rxd4 23. Nf5 Rdd8 24. Nxh6+ gxh6 25. Rg3+ Kf8 26. Rf3 Ke7
27. Bb3 Nd5 28. Re5 Kd6 29. Bxd5 0-1

[Event "2023 Fred Maris Cup (Division F)"]
[Site "Woodvale, Perth WA AUS"]
[Date "2023.07.05"]
[Round "4"]
[White "Markou, Victor"]
[Black "Bordas, Lindsay"]
[Result "0-1"]
[ECO "C00"]
[WhiteElo "1039"]
[BlackElo "1122"]
[PlyCount "32"]
[EventDate "2023.06.14"]
[EventType "swiss"]
[EventRounds "6"]
[EventCountry "AUS"]
[TimeControl "3000+30"]

1. e4 e6 2. d3 d5 3. exd5 exd5 4. Nf3 Nf6 5. g3 Bd6 6. Bg2 Qe7+ 7. Be3 Bc5 8.
d4 Bb6 9. O-O O-O 10. Nc3 Nc6 11. Na4 Bf5 12. Nc5 Nb4 13. c3 Nc2 14. Nh4 Nxa1
15. Qxa1 Be4 16. f3 Bxc5 {Scoresheet not clear} 0-1